[gd_scene load_steps=12 format=2]

[ext_resource path="res://obstacles/Spike.gd" type="Script" id=1]
[ext_resource path="res://obstacles/spider/sprites/Spiderfangs.png" type="Texture" id=2]
[ext_resource path="res://obstacles/spider/sprites/Spiderlegsr.png" type="Texture" id=3]
[ext_resource path="res://obstacles/spider/sprites/Spiderlegsl.png" type="Texture" id=4]
[ext_resource path="res://obstacles/spider/sprites/Spiderbody.png" type="Texture" id=5]
[ext_resource path="res://obstacles/spider/sprites/spiderweb.png" type="Texture" id=6]
[ext_resource path="res://obstacles/spider/sprites/spiderstring.png" type="Texture" id=7]

[sub_resource type="RectangleShape2D" id=1]
extents = Vector2( 4.14954, 3.86801 )

[sub_resource type="RectangleShape2D" id=2]
extents = Vector2( 3.42249, 26.9272 )

[sub_resource type="Animation" id=4]
resource_name = "legs wiggle"
loop = true
tracks/0/type = "bezier"
tracks/0/path = NodePath("Spiderlegsr:rotation_degrees")
tracks/0/interp = 1
tracks/0/loop_wrap = true
tracks/0/imported = false
tracks/0/enabled = true
tracks/0/keys = {
"points": PoolRealArray( 0, -0.25, 0, 0.25, 0, 9.6, -0.25, 0, 0.25, 0, 0, -0.25, 0, 0.25, 0 ),
"times": PoolRealArray( 0, 0.5, 1 )
}
tracks/1/type = "bezier"
tracks/1/path = NodePath("Spiderlegsl:rotation_degrees")
tracks/1/interp = 1
tracks/1/loop_wrap = true
tracks/1/imported = false
tracks/1/enabled = true
tracks/1/keys = {
"points": PoolRealArray( 0, -0.25, 0, 0.25, 0, -9.6, -0.25, 0, 0.25, 0, 0, -0.25, 0, 0.25, 0 ),
"times": PoolRealArray( 0, 0.5, 1 )
}
tracks/2/type = "bezier"
tracks/2/path = NodePath("Spiderfangs:rotation_degrees")
tracks/2/interp = 1
tracks/2/loop_wrap = true
tracks/2/imported = false
tracks/2/enabled = true
tracks/2/keys = {
"points": PoolRealArray( 0, -0.25, 0, 0.25, 0, 5, -0.25, 0, 0.25, 0, -5, -0.25, 0, 0.25, 0, 0, -0.25, 0, 0.25, 0 ),
"times": PoolRealArray( 0, 0.3, 0.6, 1 )
}

[sub_resource type="Animation" id=3]
resource_name = "crush"
tracks/0/type = "bezier"
tracks/0/path = NodePath("Spiderbody:position:x")
tracks/0/interp = 1
tracks/0/loop_wrap = true
tracks/0/imported = false
tracks/0/enabled = true
tracks/0/keys = {
"points": PoolRealArray( -1.03711, -0.25, 0, 0.25, 0, -1.037, -0.25, 0, 0.25, 0, -1.037, -0.25, 0, 0.25, 0 ),
"times": PoolRealArray( 0, 0.5, 1 )
}
tracks/1/type = "bezier"
tracks/1/path = NodePath("Spiderbody:position:y")
tracks/1/interp = 1
tracks/1/loop_wrap = true
tracks/1/imported = false
tracks/1/enabled = true
tracks/1/keys = {
"points": PoolRealArray( 4.76501, -0.25, 0, 0.25, 0, 68.765, -0.25, 0, 0.25, 0, 4.765, -0.25, 0, 0.25, 0 ),
"times": PoolRealArray( 0, 0.5, 1 )
}
tracks/2/type = "bezier"
tracks/2/path = NodePath("CollisionShape2D:position:x")
tracks/2/interp = 1
tracks/2/loop_wrap = true
tracks/2/imported = false
tracks/2/enabled = true
tracks/2/keys = {
"points": PoolRealArray( 0.323486, -0.25, 0, 0.25, 0, 0.323, -0.25, 0, 0.25, 0, 0.323, -0.25, 0, 0.25, 0 ),
"times": PoolRealArray( 0, 0.5, 1 )
}
tracks/3/type = "bezier"
tracks/3/path = NodePath("CollisionShape2D:position:y")
tracks/3/interp = 1
tracks/3/loop_wrap = true
tracks/3/imported = false
tracks/3/enabled = true
tracks/3/keys = {
"points": PoolRealArray( 21.6765, -0.25, 0, 0.25, 0, 85.677, -0.25, 0, 0.25, 0, 21.677, -0.25, 0, 0.25, 0 ),
"times": PoolRealArray( 0, 0.5, 1 )
}
tracks/4/type = "bezier"
tracks/4/path = NodePath("Spiderweb/Spiderstring:position:x")
tracks/4/interp = 1
tracks/4/loop_wrap = true
tracks/4/imported = false
tracks/4/enabled = true
tracks/4/keys = {
"points": PoolRealArray( -21.271, -0.25, 0, 0.25, 0 ),
"times": PoolRealArray( 0 )
}
tracks/5/type = "bezier"
tracks/5/path = NodePath("Spiderweb/Spiderstring:position:y")
tracks/5/interp = 1
tracks/5/loop_wrap = true
tracks/5/imported = false
tracks/5/enabled = true
tracks/5/keys = {
"points": PoolRealArray( -26.81, -0.25, 0, 0.25, 0 ),
"times": PoolRealArray( 0 )
}
tracks/6/type = "bezier"
tracks/6/path = NodePath("Spiderweb/Spiderstring:scale:x")
tracks/6/interp = 1
tracks/6/loop_wrap = true
tracks/6/imported = false
tracks/6/enabled = true
tracks/6/keys = {
"points": PoolRealArray( 0.596, -0.25, 0, 0.25, 0, 0.596, -0.25, 0, 0.25, 0, 0.596, -0.25, 0, 0.25, 0 ),
"times": PoolRealArray( 0, 0.5, 1 )
}
tracks/7/type = "bezier"
tracks/7/path = NodePath("Spiderweb/Spiderstring:scale:y")
tracks/7/interp = 1
tracks/7/loop_wrap = true
tracks/7/imported = false
tracks/7/enabled = true
tracks/7/keys = {
"points": PoolRealArray( 0.814, -0.25, 0, 0.25, 0, 1.29, -0.25, 0, 0.25, 0, 0.795, -0.25, 0, 0.25, 0 ),
"times": PoolRealArray( 0, 0.5, 1 )
}

[node name="Spike" type="Area2D"]
position = Vector2( 1056, 560 )
script = ExtResource( 1 )

[node name="Spiderweb" type="Sprite" parent="."]
position = Vector2( 0.963013, 1.76501 )
texture = ExtResource( 6 )

[node name="Spiderstring" type="Sprite" parent="Spiderweb"]
position = Vector2( -21.271, -26.81 )
scale = Vector2( 0.596, 0.795 )
texture = ExtResource( 7 )
centered = false

[node name="CollisionShape2D" type="CollisionShape2D" parent="."]
position = Vector2( 0.323, 21.677 )
rotation = 0.820305
shape = SubResource( 1 )

[node name="KillZone" type="Area2D" parent="."]
position = Vector2( 16, 64 )

[node name="CollisionShape2D" type="CollisionShape2D" parent="KillZone"]
position = Vector2( -58.3268, 0 )
shape = SubResource( 2 )

[node name="Spiderbody" type="Sprite" parent="."]
position = Vector2( -1.037, 4.765 )
texture = ExtResource( 5 )

[node name="Spiderfangs" type="Sprite" parent="Spiderbody"]
rotation = 0.0454449
texture = ExtResource( 2 )

[node name="Spiderlegsr" type="Sprite" parent="Spiderbody"]
rotation = 0.162711
texture = ExtResource( 3 )

[node name="Spiderlegsl" type="Sprite" parent="Spiderbody"]
rotation = -0.162711
texture = ExtResource( 4 )

[node name="AnimationPlayer" type="AnimationPlayer" parent="Spiderbody"]
autoplay = "legs wiggle"
"anims/legs wiggle" = SubResource( 4 )

[node name="AnimationPlayer" type="AnimationPlayer" parent="."]
anims/crush = SubResource( 3 )
